 Dungeon Crawl Stone Soup version 0.26.0-10-g1f06aea511 (webtiles) character file.

Game seed: 3691363993540723512

889 dolemite99 the Ruffian (level 7, -11/71 HPs)
             Began as a Troll Chaos Knight on Jan 14, 2021.
             Was a Plaything of Xom.
             Blown up by Ijyb (30 damage)
             ... with a disintegration bolt
             ... on level 3 of the Dungeon.
             The game lasted 00:05:05 (3736 turns).

dolemite99 the Ruffian (Troll Chaos Knight)         Turns: 3736, Time: 00:05:05

Health: -11/71     AC: 11    Str: 22 (23) XL:     7   Next: 77%
Magic:  6/6        EV:  9    Int:  6      God:    Xom [....*.]
Gold:   236        SH:  8    Dex:  8 (9)  Spells: 6/6 levels left

rFire    . . .     SeeInvis .     - Unarmed
rCold    . . .     Faith    .   l - +0 kite shield
rNeg     . . .     Spirit   .   a - +2 robe
rPois    .         Reflect  .   n - +1 hat
rElec    .         Harm     .   (no cloak)
rCorr    .         Rampage  .   (gloves unavailable)
Will     .....                  (boots unavailable)
Stlth    +.........             (no amulet)
HPRegen  0.61/turn              (no ring)
MPRegen  0.10/turn              (no ring)

@: lethally poisoned (-11 -> -13)
A: large, unfitting armour, claws 3, slimy green scales 1, deterioration 1,
dopey 1, regeneration 1, shaggy fur 1, tough skin 3
a: Renounce Religion


You were on level 3 of the Dungeon.
You worshipped Xom.
You were a beloved toy of Xom.
You visited 1 branch of the dungeon, and saw 4 of its levels.

You collected 236 gold pieces.

Inventory:

Hand Weapons
 f - a cursed -2 club
 k - a +1 hunting sling
Missiles
 e - 86 stones (quivered)
 g - 11 poisoned darts
 t - 8 javelins
 v - 20 arrows
Armour
 a - a +2 robe (worn)
 l - a +0 kite shield (worn)
 n - a +1 hat (worn)
Jewellery
 j - a cursed ring of teleportation
 m - an uncursed ring of poison resistance {unknown}
 q - a +6 ring of dexterity {unknown}
Wands
 b - a wand of polymorph (2)
Scrolls
 c - 2 scrolls of immolation
 d - a scroll of amnesia
 i - 2 scrolls of identify {@r1}
 p - a scroll of remove curse {@r2}
Potions
 h - 2 potions of haste {unknown}
 o - 4 potions of curing
 r - 3 potions of flight
 u - a potion of cancellation {unknown}


   Skills:
 + Level 4.5 Fighting
 + Level 4.2 Dodging
 + Level 2.8 Shields
 + Level 5.5 Unarmed Combat


You had 6 spell levels left.
You didn't know any spells.
Your spell library contained the following spells:

 Spells                   Type           Power        Failure   Level
 Magic Dart               Conj           0%           88%         1
 Blink                    Tloc           N/A          96%         2
 Call Imp                 Summ           0%           96%         2
 Slow                     Hex            0%           96%         2
 Conjure Flame            Conj/Fire      0%           99%         3
 Mephitic Cloud           Conj/Pois/Air  0%           99%         3


Dungeon Overview and Level Annotations

Branches:
Dungeon (4/15)
 Temple: D:4-7

Altars:
Xom

Annotations:
D:3 2 transporters, Ijyb


Innate Abilities, Weirdness & Mutations

You are too large for most types of armour.
You have claws for hands.
Your natural rate of healing is unusually fast.
You are covered in fur. (AC +1)
You have extremely tough skin. (AC +3)
You are partially covered in slimy green scales. (AC +2)
Your body sometimes deteriorates upon taking damage.
You are dopey. (Int -2)


Message History

You are blasted!
A shower of butterflies erupts from you!
You scratch Ijyb but do no damage.
You feel sick. The adder completely misses you.
Ijyb screams, "Get away!"
Ijyb zaps a wand.
You are blasted!
* * * LOW HITPOINT WARNING * * *
Xom thinks this is hilarious!
Your body deteriorates!
You feel clumsy. You block the adder's attack.
You closely miss Ijyb.
You feel sick. You block Ijyb's attack. You block the adder's attack.
You scratch Ijyb.
Ijyb is lightly wounded.
You feel sick. You block the adder's attack.
Ijyb zaps a wand.
You are blasted!
You die...
Xom laughs nastily!

'###.#........#.##########
.≈≈###...................#
.#≈≈##........#.########.#
#.#≈≈##.......#.# #.#
...#≈≈##......#.# #.#
#.#.#≈≈##.....#.#### #.#
.#...#≈≈###.###....# #.#
#.#.#.#≈≈##.##.S##.### #.#
...#...#≈##....g@....# #.#
#.#.#.#..'...#b#.#.#.# #.#
.#.#.#...'...b...b...# #.#
#.#.#.#..'...#.#.#.#.# #.#
...#...#≈##..........# #.#
#.#.#.#≈≈#...#.#.#.#.# #.#
.#...#≈≈##...........# #.#
#.#.#≈≈##....#.#.#.#.###.##
...#≈≈##..#...............#


You could see Ijyb and an adder.

Vanquished Creatures
  Grinder (D:3)
  Sigmund (D:3)
  Menkaure (D:4)
  An orc warrior (D:3)
  An orc wizard (D:3)
  2 orc priests (D:3)
  Jessica (D:2)
  Natasha (D:2)
  2 worker ants
  A hound skeleton (D:4)
  Robin (D:3)
  3 gnolls (D:2)
  3 adders
  An adder zombie (D:3)
  An adder skeleton (D:4)
  5 worms
  2 dart slugs (D:1)
  5 leopard geckos
  3 orcs (D:3)
  6 bats
  2 giant cockroaches
  9 goblins
  10 hobgoblins
  4 jackals (D:2)
  A quokka (D:2)
  A ball python (D:3)
  5 frilled lizards
  5 kobolds
  A quokka skeleton (D:3)
  7 rats
87 creatures vanquished.

Notes
Turn   | Place    | Note
-------+----------+-------------------------------------------
     0 | D:1      | dolemite99 the Troll Chaos Knight began the quest for the
                  | Orb.
     0 | D:1      | Reached XP level 1. HP: 22/22 MP: 0/0
   140 | D:1      | Reached XP level 2. HP: 29/29 MP: 1/1
   593 | D:2      | Reached XP level 3. HP: 28/36 MP: 2/2
   606 | D:2      | XOM: noise
   867 | D:2      | Noticed Jessica
   873 | D:2      | Killed Jessica
   906 | D:2      | Reached XP level 4. HP: 45/45 MP: 3/3
  1038 | D:2      | Noticed Natasha
  1042 | D:2      | Killed Natasha
  1491 | D:3      | Found a transporter.
  1503 | D:2      | XOM: confuse monster(s)
  1509 | D:2      | Reached skill level 4 in Unarmed Combat
  1871 | D:3      | Found a transporter.
  1917 | D:3      | Reached XP level 5. HP: 53/53 MP: 4/4
  2224 | D:3      | XOM: summons 4 hostile shadow creatures
  2291 | D:3      | Noticed Sigmund
  2291 | D:3      | Noticed Grinder
  2293 | D:3      | XOM: polymorph frilled lizard -> adder
  2295 | D:3      | XOM: enchant monster (bad)
  2296 | D:3      | XOM: scenery: summon butterflies
  2314 | D:3      | XOM: summons 5 friendly demons
  2347 | D:3      | Killed Grinder
  2348 | D:3      | Reached skill level 1 in Shields
  2348 | D:3      | Reached XP level 6. HP: 43/62 MP: 5/5
  2399 | D:3      | XOM: enchant monster (bad)
  2430 | D:3      | XOM: snakes to sticks
  2461 | D:3      | Killed Sigmund
  2473 | D:3      | XOM: 4-stop teleportation journey
  2603 | D:3      | XOM: god gift: brown potion {god gift}
  2662 | D:3      | Noticed Robin
  2675 | D:3      | Killed Robin
  2682 | D:3      | Reached XP level 7. HP: 70/70 MP: 6/6
  2688 | D:3      | XOM: scenery: create altars
  2704 | D:3      | XOM: give mutation
  2704 | D:3      | Gained mutation: Your body sometimes deteriorates upon
                  | taking damage. [Xom's mischief]
  2734 | D:3      | XOM: blink monster(s)
  2818 | D:3      | Reached skill level 5 in Unarmed Combat
  3037 | D:3      | XOM: summons 4 hostile demons
  3448 | D:4      | Noticed Menkaure
  3458 | D:4      | Killed Menkaure
  3615 | D:4      | XOM: give mutations
  3615 | D:4      | Gained mutation: You are dopey. (Int -2) [Xom's mischief]
  3615 | D:4      | Gained mutation: You are partially covered in slimy green
                  | scales. (AC +2) [Xom's mischief]
  3713 | D:4      | XOM: 7-stop teleportation journey
  3718 | D:4      | Found a runed translucent gate.
  3718 | D:4      | Found a runed translucent gate.
  3718 | D:4      | Found a runed translucent gate.
  3718 | D:4      | XOM: 2-stop teleportation journey
  3721 | D:4      | XOM: noise
  3726 | D:4      | Noticed Ijyb
  3733 | D:3      | XOM: butterfly on damage
  3736 | D:3      | Blown up by Ijyb

Illustrated notes

Levels and vault maps discovered:
D:1:      lightli_arrival_windingriver, layout_basic, serial_glass,
          glass_columns_b, glass_columns_b
D:2:      layout_basic, interstate_on_off, uniq_natasha, uniq_jessica
D:3:      gammafunk_wand_slinger, layout_basic, kennysheep_cluttered_room,
          st_stairs_2, uniq_robin, uniq_sigmund, uniq_grinder
D:4:      layout_basic, nicolae_overflow_hidden_temple, ebering_ghost_gozag,
          uniq_ijyb, uniq_menkaure, uniq_crazy_yiuf_cottage

Skill      XL: |  1  2  3  4  5  6  7 |
---------------+----------------------+-----
Dodging        | 2 3 4 |  4.2
Fighting       | 3 4 |  4.5
Unarmed Combat | 4 5 |  5.5
Shields        | 1 2 |  2.8

Action                   |  1- 3 |  4- 6 |  7- 9 || total
-------------------------+-------+-------+-------++-------
Melee: Unarmed           |    59 |   118 |    96 ||   273
Throw: Stone             |    16 |    11 |    14 ||    41
       Dart              |    29 |    29 |       ||    58
  Use: Scroll            |     1 |     4 |     3 ||     8
       Potion            |       |     3 |       ||     3
 Stab: Sleeping          |     1 |       |     1 ||     2
Armor: Robe              |    20 |    53 |    60 ||   133
Dodge: Dodged            |    34 |    40 |    42 ||   116
Block: Kite shield       |    16 |    41 |    51 ||   108
